 Dungeon Crawl Stone Soup version 0.21-a0-91-ga5031da (webtiles) character file.

160 sagitran the Skirmisher (level 5, 0/46 HPs)
             Began as a Gnoll Wanderer on June 29, 2017.
             Slain by an orc wizard
             ... wielding a cursed -2 dagger
              (3 damage)
             ... on level 3 of the Dungeon.
             The game lasted 00:15:34 (2392 turns).

sagitran the Skirmisher (Gnoll Wanderer)            Turns: 2392, Time: 00:15:34

Health: 0/46       AC:  5    Str:  8 (10) XL:     5   Next: 41%
Magic:  5/5        EV: 18    Int: 14 (15) God:
Gold:   116        SH:  5    Dex: 18      Spells: 4/4 levels left

rFire    . . .     SeeInvis .   b - +2 spear
rCold    . . .     Gourm    .   o - +0 buckler
rNeg     . . .     Faith    .   a - +2 leather armour
rPois    .         Spirit   .   (no helmet)
rElec    .         Reflect  .   (no cloak)
rCorr    .         Harm     .   (no gloves)
MR       .....                  (no boots)
Stlth    ++........             (no amulet)
HPRegen  0.15/turn              (no ring)
MPRegen  0.09/turn              (no ring)

@: agile, berserk cooldown, slowed, very slow
A: short attention span, fangs 1, wild magic 1, MP-powered wands, strong nose
a: no special abilities


You were on level 3 of the Dungeon.
You were hungry.

You visited 1 branch of the dungeon, and saw 4 of its levels.

You collected 116 gold pieces.

Inventory:

Hand Weapons
 b - a +2 spear (weapon)
 l - a +0 blowgun
 t - a +0 hunting sling
Missiles
 e - 132 stones
 g - 3 javelins of penetration
 k - 4 poisoned needles
 u - 2 javelins (quivered)
Armour
 a - a +2 leather armour (worn)
 o - a +0 buckler (worn)
Scrolls
 c - a scroll of enchant armour
 h - a scroll of fear
 j - a scroll of noise {unknown}
 n - a scroll of fog {unknown}
 p - a scroll of teleportation
 r - a scroll of random uselessness {unknown}
 s - a scroll of recharging
Comestibles
 d - a bread ration
 f - 2 royal jellies
 q - a meat ration


   Skills:
 + Level 6.1 Fighting
   Level 3.2(4.1) Axes
 + Level 3.7(4.3) Polearms
 + Level 1.4(2.3) Slings
 + Level 2.9(3.1) Throwing
 + Level 3.0 Armour
 + Level 4.1 Dodging
 + Level 2.1 Shields
 + Level 1.7 Unarmed Combat


You had 4 spell levels left.
You didn't know any spells.

Dungeon Overview and Level Annotations

Branches:
Dungeon (4/15)
 Temple: D:4-7

Altars:


Innate Abilities, Weirdness & Mutations

You have a short attention span.
You have very sharp teeth.
Your uncanny sense of smell can sniff out nearby items.
Your spells are a little harder to cast, but a little more powerful.
You expend magic power (3 MP) to strengthen your wands.


Message History

The orc wizard blinks!
The orc completely misses you.
You hit the orc.
The orc is severely wounded.
The orc closely misses you.
You barely miss the orc. You bite the orc, but do no damage.
The orc is severely wounded.
You block the orc's attack.
You hit the orc.
You kill the orc!
The orc wizard barely misses you.
You barely miss the orc wizard. The orc wizard barely misses you.
The orc wizard casts a spell at you. The magic dart hits you!
* * * LOW HITPOINT WARNING * * *
You hit the orc wizard.
You bite the orc wizard, but do no damage.
The orc wizard is lightly wounded.
You block the orc wizard's attack.
The orc wizard hits you with an enchanted dagger.
You die...

..........##..
#.##.#.#.#####
# #.....#
#.#[### #.#.#
# # ##.# ∆
########....##
#....)@oo.....
#.########..##
#.# #.# ###.#
##.#.# ∆
##.#..#
##†###.##
#.##....#


You could see an orc wizard and an orc.

Vanquished Creatures
  An orc priest (D:3)
  A worker ant (D:3)
  3 adders (D:2)
  3 dart slugs
  2 leopard geckos
  5 orcs (D:3)
  8 bats
  3 giant cockroaches
  5 goblins
  5 hobgoblins
  3 jackals (D:2)
  14 kobolds
  A quokka (D:3)
  A ball python (D:3)
  3 frilled lizards (D:1)
  9 rats
67 creatures vanquished.

Notes
Turn   | Place    | Note
-------+----------+-------------------------------------------
     0 | D:1      | sagitran the Gnoll Wanderer began the quest for the Orb.
     0 | D:1      | sagitran set off with: a +2 leather armour, a +0 spear, a potion of curing, a bread ration
     0 | D:1      | Reached XP level 1. HP: 20/20 MP: 1/1
    38 | D:1      | Gained mutation: You are weak. (Str -2) [potion of mutation]
    38 | D:1      | Gained mutation: Armour fits poorly on your strangely shaped body. [potion of mutation]
    38 | D:1      | Gained mutation: You occasionally shout uncontrollably at your foes. [potion of mutation]
    38 | D:1      | Gained mutation: You are resistant to electric shocks. (rElec) [potion of mutation]
    39 | D:1      | Lost mutation: Armour fits poorly on your strangely shaped body. [potion of mutation]
    39 | D:1      | Lost mutation: You occasionally shout uncontrollably at your foes. [potion of mutation]
    39 | D:1      | Lost mutation: You are weak. (Str -2) [potion of mutation]
    39 | D:1      | Lost mutation: You are resistant to electric shocks. (rElec) [potion of mutation]
    39 | D:1      | Gained mutation: You expend magic power (3 MP) to strengthen your wands. [potion of mutation]
    39 | D:1      | Gained mutation: Your spells are a little harder to cast, but a little more powerful. [potion of mutation]
    83 | D:1      | Reached skill level 5 in Fighting
   119 | D:1      | Reached XP level 2. HP: 21/27 MP: 2/2
   401 | D:1      | Reached skill level 1 in Polearms
   498 | D:2      | Reached XP level 3. HP: 19/34 MP: 3/3
   865 | D:3      | Reached skill level 6 in Fighting
  1647 | D:2      | Reached XP level 4. HP: 40/40 MP: 4/4
  2355 | D:3      | Reached XP level 5. HP: 9/46 MP: 5/5
  2379 | D:3      | Reached skill level 1 in Slings
  2392 | D:3      | Slain by an orc wizard

Vault maps used:
D:1:      minmay_arrival_four_loops, minmay_pentomino_v2
D:2:      wad_floor_pattern_2, hex_intersection, serial_bayou_lagoon_a
D:3:      hangedman_decor_riveting, minivault_11, minmay_surrounded
D:4:      minmay_temple_entry_glassed_door, serial_glass, glass_columns_a,
          glass_columns_a, glass_columns_a, glass_columns_b, glass_columns_a,
          glass_columns_a, glass_columns_c, glass_columns_a, glass_columns_b,
          glass_columns_c, uniq_natasha, uniq_crazy_yiuf_cottage

Skill      XL: |  1  2  3  4  5 |
---------------+----------------+-----
Fighting       | 5 6 |  6.1
Armour         | 2 3 |  3.0
Dodging        | 2 3 4 |  4.1
Polearms       | 1 2 3 |  3.7
Throwing       | 2 |  2.9
Shields        | 2 |  2.1
Slings         | 1 |  1.4
Axes           | |  3.2
Unarmed Combat | |  1.7

Action                   |  1- 3 |  4- 6 || total
-------------------------+-------+-------++-------
Melee: Spear             |    97 |   123 ||   220
       Trident           |     6 |       ||     6
       Bite              |     5 |    11 ||    16
       Unarmed           |     5 |       ||     5
       Blowgun           |     1 |       ||     1
 Fire: Blowgun           |     4 |       ||     4
       Hunting sling     |       |    12 ||    12
Throw: Stone             |    20 |     1 ||    21
       Javelin           |    11 |     5 ||    16
  Use: Potion            |     6 |     2 ||     8
       Scroll            |     3 |     3 ||     6
  Eat: Bread ration      |     1 |       ||     1
Armor: Leather armour    |    50 |    32 ||    82
Dodge: Dodged            |    88 |    69 ||   157
Block: Buckler           |    14 |    29 ||    43
